 Dungeon Crawl Stone Soup version 0.28-a0-804-g60983d4ba9 (webtiles) character file.

Game seed: 2922102296988959257

27636 bjtr the Destroyer (level 13, -8/98 HPs)
             Began as a Human Conjurer on Nov 7, 2021.
             Was a Believer of Vehumet.
             Shot with an arrow by a centaur warrior (31 damage)
             ... on level 14 of the Dungeon.
             The game lasted 01:26:30 (19682 turns).

bjtr the Destroyer (Human Conjurer)                Turns: 19682, Time: 01:26:30

Health: -8/98      AC: 14    Str:  8    XL:     13   Next: 67%
Magic:  10/25      EV: 12    Int: 32    God:    Vehumet [**....]
Gold:   1044       SH:  4    Dex: 10    Spells: 8/28 levels left

rFire   + . .      SeeInvis .   i - +4 scimitar (protect)
rCold   + . .      Faith    .   R - +0 buckler
rNeg    . . .      Spirit   .   g - +3 ring mail of Cuxzidwuan {Int+4}
rPois   .          Reflect  .   f - +0 helmet of the Gloaming {Harm Regen+ Int+6 Dex-3}
rElec   .          Harm     +   c - +0 cloak
rCorr   .          Rampage  .   S - +1 pair of gloves {archery}
Will    .....                   (no boots)
Stlth   ++........              k - amulet of Ustredwoi {rF+ Regen+}
HPRegen 2.26/turn               z - ring of protection from cold
MPRegen 0.19/turn               (no ring)

@: hasted, very quick
A: no striking features
a: Renounce Religion


You were on level 14 of the Dungeon.
You worshipped Vehumet.
Vehumet was pleased with you.
You visited 2 branches of the dungeon, and saw 15 of its levels.
You also visited: Ossuary.

You collected 1044 gold pieces.

Inventory:

Hand Weapons
 a - a +4 hand axe
 i - a +4 scimitar of protection (weapon)
 B - a +3 war axe
 C - a +0 long sword
 G - a +2 falchion of draining
 H - a +1 scimitar of flaming
 L - a +2 flail of venom
Missiles
 b - 5 throwing nets
 j - 6 silver javelins
 s - 102 bolts
 E - 3 curare-tipped darts
 M - a silver boomerang (quivered)
Armour
 c - a +0 cloak (worn)
 f - the +0 helmet of the Gloaming (worn) {Harm Regen+ Int+6 Dex-3}
   (You found it on level 10 of the Dungeon)

   Int:       It affects your intelligence (+6).
   Dex:       It affects your dexterity (-3).
   Regen:     It increases your rate of health regeneration.
   Harm:      It increases damage dealt and taken.
 g - the +3 ring mail of Cuxzidwuan (worn) {Int+4}
   (You found it on level 4 of the Dungeon)

   Int:       It affects your intelligence (+4).
 l - a +0 troll leather armour
 F - a +0 kite shield
 R - a +0 buckler (worn)
 S - a +1 pair of gloves of archery (worn)
Jewellery
 k - the amulet of Ustredwoi (around neck) {rF+ Regen+}
   (You found it on level 6 of the Dungeon)

   [amulet of regeneration]

   rF:        It protects you from fire.
   Regen:     It increases your rate of health regeneration.
 m - a ring of fire
 u - an amulet of the acrobat
 z - a ring of protection from cold (left hand)
Wands
 d - a wand of iceblast (1)
 t - a wand of flame (50)
 I - a wand of mindburst (5)
 J - a wand of charming (6)
 V - a wand of paralysis (19)
 Z - a wand of polymorph (8)
Scrolls
 h - 5 scrolls of teleportation
 r - a scroll of acquirement {unknown}
 v - 2 scrolls of enchant weapon
 y - 4 scrolls of fog
 D - 3 scrolls of holy word
 K - 2 scrolls of amnesia
 U - a scroll of magic mapping
 W - 7 scrolls of identify
Potions
 e - 5 potions of flight
 n - a potion of brilliance
 o - 4 potions of might
 p - 8 potions of curing
 q - 2 potions of haste
 w - a potion of ambrosia
 x - 2 potions of resistance
 O - 3 potions of invisibility
 T - a potion of berserk rage
Miscellaneous
 Y - a box of beasts


   Skills:
 + Level 7.6 Fighting
 - Level 7.0 Armour
 + Level 9.3 Dodging
 - Level 4.6 Stealth
 + Level 4.2 Shields
 + Level 8.0 Spellcasting
 + Level 12.2 Conjurations
 + Level 2.2 Translocations
 * Level 7.7 Fire Magic
 + Level 3.0 Evocations


You had 8 spell levels left.
You knew the following spells:

 Your Spells              Type           Power      Damage    Failure   Level
a - Magic Dart            Conj           100%       1d8       1%          1
b - Searing Ray           Conj           100%       2d8       1%          2
c - Iskenderun's Mystic   Conj/Tloc      56%        2d12      4%          4
d - Fireball              Conj/Fire      33%        3d14      4%          5
e - Scorch                Fire           100%       2d10      1%          2
f - Starburst             Conj/Fire      33%        6d10      24%         6

Your spell library contained the following spells:

 Spells                   Type           Power      Damage    Failure   Level
 Inner Flame              Hex/Fire       37%        N/A       6%          3
 Dazzling Flash           Conj/Hex       100%       N/A       2%          3
 Apportation              Tloc           54%        N/A       4%          1
 Fulminant Prism          Conj/Hex       25%        3d14      8%          4
 Animate Skeleton         Necr           24%        N/A       10%         1
 Summon Small Mammal      Summ           48%        N/A       10%         1
 Gell's Gravitas          Tloc           27%        N/A       12%         3
 Teleport Other           Tloc           27%        N/A       12%         3
 Corpse Rot               Necr/Air       24%        N/A       14%         2
 Poisonous Vapours        Pois/Air       24%        N/A       14%         2
 Passage of Golubria      Tloc           27%        N/A       36%         4
 Alistair's Intoxication  Tmut/Pois      8%         N/A       95%         5
 Silence                  Hex/Air        6%         N/A       95%         5
 Dispersal                Tloc           13%        N/A       99%         6
 Invisibility             Hex            6%         N/A       100%        6
 Ignition                 Fire           29%        3d9       100%        8
 Lehudib's Crystal Spear  Conj/Erth      25%        10d7      100%        8


Dungeon Overview and Level Annotations

Branches:
Dungeon (14/15)            Temple (1/1) D:4            Lair (0/6) D:11
    Orc (0/2) D:9         Ossuary (visited)
 Vaults: D:13-14

Altars:
Ashenzari
Cheibriados
Dithmenos
Elyvilon
Fedhas
Gozag
Hepliaklqana
Kikubaaqudgha
Makhleb
Nemelex Xobeh
Okawaru
Qazlal
Ru
Sif Muna
Trog
Uskayaw
Vehumet
Wu Jian
Xom
Yredelemnul
Zin
The Shining One
Beogh

Shops:
D:8 =   D:11 (

Annotations:
D:3 2 transporters
D:12 3 runed translucent doors, AlleluiaPinecone's ghost, journeyman GnWn


Message History

The centaur warrior wields a +0 longbow.
The centaur warrior shoots an arrow.
The arrow hits you!
The centaur warrior shoots an arrow.
The arrow barely misses you.
The centaur warrior shoots an arrow.
The arrow hits you!
An efreet comes into view.
It is wielding a +3 scimitar of flaming.
The centaur warrior shoots an arrow.
The arrow hits you!
The centaur warrior shoots an arrow.
The arrow hits you!
The centaur warrior shoots an arrow.
The arrow hits you.
Casting: Fireball (dangerous; 4% risk of failure)
Confirm with . or Enter, or press ? or * to list all spells.
Flames lash the centaur warrior.
The centaur warrior is moderately wounded.
The centaur warrior's fire resistance burns away.
The centaur warrior shoots an arrow.
The arrow hits you!!
Unknown command.
Casting: Scorch (safe; 1% risk of failure)
Confirm with . or Enter, or press ? or * to list all spells.
Aiming: Fireball (dangerous; 4% risk of failure)
Press: ? - help, Shift-Dir - straight line, f - centaur warrior
Aim: a centaur warrior, wielding a +0 longbow and quivering arrows (moderately wounded, more vulnerable to fire)
The fireball explodes!
The fireball engulfs the centaur warrior!
The centaur warrior is burned terribly!
The centaur warrior is severely wounded.
The fireball engulfs the efreet.
The efreet completely resists.
The centaur warrior shoots an arrow.
The arrow hits you.
* * * LOW HITPOINT WARNING * * *
The centaur warrior shoots an arrow.
The arrow hits you!
* * * LOW HITPOINT WARNING * * *
Unknown command.
Okay, then.
Unknown command.
Unknown command.
You feel much better.
The centaur warrior shoots an arrow.
The arrow misses you.
You feel yourself speed up.
The centaur warrior shoots an arrow.
The arrow hits you!
* * * LOW HITPOINT WARNING * * *
The centaur warrior shoots an arrow.
The arrow hits you!!
You die...

###.##...#
#..... .#
#......#
###### #.#
#.###.## #.#
#..##.#####
#.#
#.......^.#
#R#
#.........#
#c#
#.........#
#.##.........#
#@#.........#
##..........#
#..........#
##....>....#
#.........#
.......#####
..)......#
...........#
#..........#


You could see a centaur warrior (combustible) and an efreet.

Vanquished Creatures
  A fire dragon (D:14)
  8 two-headed ogres
  5 centaur warriors
  A tengu warrior (D:13)
  The ghost of Atlas the Frost Mage, a novice DsIE of Vehumet (D:10)
  Urug (D:13)
  5 cyclopes
  An ugly thing (D:13)
  Maurice (D:8)
  3 unseen horrors
  3 kobold demonologists
  An efreet (D:13)
  3 trolls
  6 slime creatures
  Prince Ribbit (D:5)
  A raiju (shapeshifter) (D:13)
  A centaur simulacrum (D:14)
  4 vampires
  A human (D:9)
  10 yaks
  6 vampire mosquitoes
  Menkaure (D:7)
  2 steam dragons (D:7)
  A warg (D:10)
  A water moccasin (D:7)
  10 orc warriors
  6 sky beasts
  2 black bears
  2 wolves
  An ogre (D:5)
  12 centaurs
  2 kobold brigands (D:13)
  5 elf zombies (Ossuary)
  Blork the orc (D:4)
  2 gnoll sergeants (D:8)
  A bullfrog (D:7)
  A water moccasin skeleton (D:4)
  5 killer bees (D:9)
  6 electric eels
  9 howler monkeys
  A bullfrog zombie (D:6)
  12 centaur zombies
  A centaur skeleton (D:7)
  3 jellies
  2 gnoll shamans
  4 human zombies (Ossuary)
  7 orc priests
  9 hounds
  Natasha (thrice) (D:3)
  2 iguanas
  6 orc wizards
  3 mummies (Ossuary)
  16 gnolls
  5 adders
  A white imp (D:7)
  2 worms
  2 dart slugs
  35 orcs
  7 bats
  5 endoplasms
  A giant cockroach (D:4)
  4 hobgoblins
  4 jackals (D:2)
  A quokka (D:3)
  4 ball pythons
  2 frilled lizards
  8 goblins
  5 kobolds
  3 rats
292 creatures vanquished.

Vanquished Creatures (others)
  An unseen horror (D:11)
  A sky beast (D:7)
  An orc (D:11)
  2 fungi
  28 plants
33 creatures vanquished.

Grand Total: 325 creatures vanquished

Notes
Turn   | Place    | Note
-------+----------+-------------------------------------------
     0 | D:1      | bjtr the Human Conjurer began the quest for the Orb.
     0 | D:1      | Reached XP level 1. HP: 13/13 MP: 3/3
    76 | D:1      | Found a faded altar of an unknown god.
   637 | D:1      | Reached XP level 2. HP: 19/19 MP: 1/5
   693 | D:1      | Learned a level 2 spell: Searing Ray
  1199 | D:2      | Reached XP level 3. HP: 23/24 MP: 1/6
  1423 | D:2      | You fall into a shaft and drop 1 floor!
  1508 | D:3      | Noticed a necrophage
  1510 | D:3      | Found a transporter.
  1511 | D:3      | Noticed a phantom
  1515 | D:3      | Noticed a black bear
  1517 | D:3      | Noticed Natasha
  1525 | D:3      | Killed Natasha
  1526 | D:3      | Reached skill level 5 in Conjurations
  1526 | D:3      | Reached XP level 4. HP: 30/30 MP: 1/7
  1559 | D:3      | Noticed Natasha
  1563 | D:3      | Killed Natasha
  1620 | D:3      | Found a transporter.
  2067 | D:3      | Found a sparkling altar of Nemelex Xobeh.
  2106 | D:3      | Reached skill level 1 in Armour
  2106 | D:3      | Reached XP level 5. HP: 35/35 MP: 4/8
  2539 | D:3      | Noticed Natasha
  2542 | D:3      | Killed Natasha
  2766 | D:2      | You fall into a shaft and drop 1 floor!
  3230 | D:4      | Identified the +3 ring mail of Cuxzidwuan {Int+4}
  3339 | D:4      | Reached XP level 6. HP: 42/42 MP: 9/9
  3379 | D:4      | Reached skill level 1 in Fighting
  3435 | D:4      | Noticed an orc warrior
  3459 | D:4      | Killed an orc warrior
  3460 | D:4      | Reached skill level 6 in Conjurations
  3540 | D:4      | Found a staircase to the Ecumenical Temple.
  3558 | D:4      | Reached XP level 7. HP: 29/48 MP: 7/10
  3563 | Temple   | Entered the Ecumenical Temple
  3790 | D:4      | Noticed Blork the orc
  3797 | D:4      | Killed Blork the orc
  4644 | D:5      | Entered Level 5 of the Dungeon
  4644 | D:5      | Noticed Prince Ribbit
  4654 | D:5      | Killed Prince Ribbit
  4655 | D:5      | Reached XP level 8. HP: 34/56 MP: 2/12
  5632 | D:5      | Reached skill level 7 in Conjurations
  5947 | D:6      | Reached skill level 5 in Armour
  6062 | D:6      | Reached XP level 9. HP: 47/62 MP: 8/14
  6627 | D:6      | Found a bloodstained altar of Trog.
  6763 | D:6      | Identified the amulet of Ustredwoi {rF+ Regen+}
  7750 | D:7      | Found a sand-covered staircase.
  7755 | Ossuary  | Entered an ossuary
  8510 | D:7      | Noticed Menkaure
  8517 | D:7      | Killed Menkaure
  8518 | D:7      | Reached skill level 8 in Conjurations
  8755 | D:7      | Reached skill level 5 in Dodging
  9036 | D:7      | Reached XP level 10. HP: 61/71 MP: 3/16
  9679 | D:8      | Reached skill level 1 in Shields
  9770 | D:8      | Reached skill level 1 in Fire Magic
  9852 | D:8      | Reached skill level 1 in Evocations
 10094 | D:8      | Found Joentu's Jewellery Emporium.
 10376 | D:8      | Noticed Maurice
 10386 | D:8      | Killed Maurice
 10647 | D:9      | Reached skill level 5 in Spellcasting
 10896 | D:9      | Found a staircase to the Orcish Mines.
 11139 | D:9      | Reached skill level 5 in Fighting
 11139 | D:9      | Reached skill level 9 in Conjurations
 11223 | D:9      | Found a snail-covered altar of Cheibriados.
 11636 | D:10     | Entered Level 10 of the Dungeon
 11645 | D:10     | Reached XP level 11. HP: 76/79 MP: 18/18
 11698 | D:10     | Found a runed translucent gate.
 11699 | D:10     | Found a runed translucent gate.
 11699 | D:10     | Noticed Atlas's ghost (novice DsIE)
 11700 | D:10     | Found a runed translucent gate.
 11768 | D:10     | Noticed a two-headed ogre
 11782 | D:10     | Killed a two-headed ogre
 12123 | D:10     | Identified the +0 helmet of the Gloaming {Harm Regen+ Int+6
                  | Dex-3}
 12148 | D:10     | Learned a level 4 spell: Iskenderun's Mystic Blast
 12154 | D:10     | Learned a level 5 spell: Fireball
 12173 | D:10     | Noticed a two-headed ogre
 12190 | D:10     | Killed a two-headed ogre
 12494 | D:10     | Found a radiant altar of Vehumet.
 12494 | D:10     | Noticed a two-headed ogre
 12519 | D:10     | Killed a two-headed ogre
 12699 | D:10     | Became a worshipper of Vehumet
 12795 | D:10     | HP: 4/81 [orc warrior (3)]
 12811 | D:10     | Killed Atlas's ghost
 13314 | D:10     | HP: 4/81 [troll (13)]
 13339 | D:10     | Reached skill level 5 in Fire Magic
 13462 | D:11     | Noticed a two-headed ogre
 13464 | D:11     | Noticed a cyclops
 13474 | D:11     | Killed a cyclops
 13475 | D:11     | Reached XP level 12. HP: 77/88 MP: 6/20
 13537 | D:11     | Killed a two-headed ogre
 13538 | D:11     | Reached skill level 10 in Conjurations
 13549 | D:11     | Reached * piety under Vehumet
 13549 | D:11     | Offered knowledge of Shock by Vehumet.
 13875 | D:11     | Found a staircase to the Lair.
 13877 | D:11     | Reached skill level 1 in Translocations
 14115 | D:11     | Noticed a two-headed ogre
 14118 | D:11     | Killed a two-headed ogre
 14542 | D:11     | Found Basagawu's Hydra Hut.
 14544 | D:11     | Noticed a seven-headed hydra
 14637 | D:11     | Noticed a two-headed ogre
 14642 | D:11     | Killed a two-headed ogre
 15053 | D:12     | Noticed a two-headed ogre
 15058 | D:12     | Killed a two-headed ogre
 15353 | D:12     | Noticed a two-headed ogre
 15357 | D:12     | Killed a two-headed ogre
 15358 | D:12     | Reached skill level 11 in Conjurations
 15810 | D:12     | Found a runed translucent gate.
 15811 | D:12     | Found a runed translucent gate.
 15812 | D:12     | Found a runed translucent gate.
 15812 | D:12     | Noticed AlleluiaPinecone's ghost (journeyman GnWn)
 17333 | D:13     | Reached XP level 13. HP: 67/96 MP: 14/23
 17532 | D:13     | Noticed Urug
 17543 | D:13     | Killed Urug
 17930 | D:13     | Noticed a centaur warrior
 17932 | D:13     | Killed a centaur warrior
 18096 | D:13     | Noticed a centaur warrior
 18107 | D:13     | Killed a centaur warrior
 18107 | D:13     | Offered knowledge of Scorch by Vehumet.
 18240 | D:13     | Noticed a centaur warrior
 18243 | D:13     | Killed a centaur warrior
 18259 | D:13     | Reached ** piety under Vehumet
 18296 | D:13     | Reached skill level 12 in Conjurations
 18900 | D:13     | Learned a level 2 spell: Scorch
 18917 | D:14     | Noticed a centaur warrior
 18917 | D:14     | Noticed a centaur warrior
 18918 | D:14     | Noticed a boulder beetle
 18929 | D:13     | Killed a centaur warrior
 18939 | D:13     | Learned a level 6 spell: Starburst
 18945 | D:14     | Killed a centaur warrior
 19133 | D:14     | Noticed a fire dragon
 19149 | D:14     | Killed a fire dragon
 19274 | D:14     | Offered knowledge of Inner Flame by Vehumet.
 19674 | D:14     | Noticed a centaur warrior
 19682 | D:14     | Shot with an arrow by a centaur warrior

Illustrated notes

Levels and vault maps discovered:
D:1:      amcnicky_arrival_blooded_trapdoor, layout_rooms,
          chequers_ecumenical_altar_simple, minivault_27, minivault_19
D:2:      layout_rooms
D:3:      layout_basic, gammafunk_temple_overflow_arena, minmay_diced_spiral,
          uniq_natasha
D:4:      layout_basic, minmay_temple_entry_gardened_gates, uniq_blork_the_orc
D:5:      layout_basic, kennysheep_windowed_goal, uniq_prince_ribbit1
D:6:      layout_layer_cave, mainiacjoe_overflow_boulevard
D:7:      layout_loops_corners, enter_ossuary_2, eino_tiny_chamber,
          nrook_mini_backslash, hangedman_misty_isle, uniq_menkaure
D:8:      layout_basic, minmay_shop_enchanted_jewellery, uniq_maurice
D:9:      layout_roguey, cheibrodos_worm_habitat, erik_orc_4,
          kennysheep_generic_room_8
D:10:     layout_rooms, mainiacjoe_overflow_alcove_4, biasface_ghost_orc_armoury
D:11:     layout_rooms, erik_lair_island, doesnt_shop_hydraphobe
D:12:     layout_roguey, ebering_ghost_rock_garden, serial_bayou_lake_a
D:13:     layout_loops_ring, uniq_urug
D:14:     layout_basic, david_vaults_5, serial_bayou_pond_c, minivault_1
Temple:   nicolae_temple_no_exploring_needed

Skill      XL: |  1  2  3  4  5  6  7  8  9 10 11 12 13 |
---------------+----------------------------------------+-----
Conjurations   | 5 6 7 8 9 11 12 | 12.2
Armour         | 1 2 3 5 6 7 |  7.0
Fighting       | 1 2 3 5 6 7 |  7.6
Dodging        | 3 4 5 6 7 8 9 |  9.3
Stealth        | 3 4 |  4.6
Spellcasting   | 3 4 5 7 8 |  8.0
Shields        | 2 4 |  4.2
Fire Magic     | 2 5 6 7 |  7.7
Evocations     | 2 3 |  3.0
Translocations | 1 2 |  2.2

Action                   |  1- 3 |  4- 6 |  7- 9 | 10-12 | 13-15 || total
-------------------------+-------+-------+-------+-------+-------++-------
Melee: Unarmed           |     1 |       |       |       |       ||     1
       Battleaxe         |    18 |    64 |    23 |       |       ||   105
       Hand axe          |       |       |    40 |       |       ||    40
       Flail             |       |       |    19 |   258 |     4 ||   281
       Scimitar          |       |       |       |       |    81 ||    81
Throw: Stone             |     4 |       |       |       |       ||     4
       Boomerang         |       |       |       |     4 |       ||     4
 Cast: Magic Dart        |    16 |     2 |       |     1 |     1 ||    20
       Searing Ray       |     7 |    21 |    48 |    63 |     4 ||   143
       Fireball          |       |       |       |    42 |    24 ||    66
       Iskenderun's Myst |       |       |       |    12 |    13 ||    25
       Scorch            |       |       |       |       |    10 ||    10
       Starburst         |       |       |       |       |     1 ||     1
Evoke: Wand              |       |       |     5 |     8 |    11 ||    24
  Use: Scroll            |       |     6 |    15 |     5 |     1 ||    27
       Potion            |       |       |     1 |     2 |     2 ||     5
 Stab: Sleeping          |     1 |       |     2 |     4 |     1 ||     8
Armor: Ring mail         |    15 |    83 |   105 |   294 |   109 ||   606
Dodge: Dodged            |    19 |    93 |    91 |   253 |    90 ||   546
Block: Buckler           |       |       |       |    91 |    46 ||   137

Table legend: (Time is in decaauts)
 A = Elapsed time spent in this place.
 B = Non-inter-level travel time spent in this place.
 C = Inter-level travel time spent in this place.
 D = Time resting spent in this place.
 E = Time spent auto-exploring this place.
 F = Levels seen in this place.
 G = Mean time per level.
                   A        B        C        D        E       F      G
               +--------+--------+--------+--------+--------+-----+--------+
         Total |  20000 |  19019 |    981 |   6207 |   9306 |  16 | 1250.0 |
       Dungeon |  19230 |  18253 |    977 |   5869 |   9062 |  14 | 1373.6 |
        Temple |    132 |    129 |      3 |      0 |    112 |   1 |  132.0 |
       Ossuary |    637 |    637 |      0 |    338 |    132 |   1 |  637.0 |
               +--------+--------+--------+--------+--------+-----+--------+

Top non-repeatable levels by time:
    D:12: 2060 daAuts
     D:6: 2030 daAuts
    D:10: 1989 daAuts
    D:13: 1919 daAuts
     D:3: 1461 daAuts
    D:11: 1453 daAuts
     D:4: 1349 daAuts
     D:7: 1338 daAuts
     D:9: 1247 daAuts
     D:1: 1128 daAuts
     D:5: 1121 daAuts
     D:8: 995 daAuts
     D:2: 680 daAuts
 Ossuary: 637 daAuts
    D:14: 453 daAuts
